 Dungeon Crawl Stone Soup version 0.28-a0-750-g7c675f85b1 (webtiles) character file.

Game seed: 9079975780087882435

9 ytrimaz the Ducker (level 2, 12/22 HPs)
             Began as a Demonspawn Gladiator on Oct 29, 2021.
             Quit the game on level 1 of the Dungeon.
             The game lasted 00:00:54 (526 turns).

ytrimaz the Ducker (Demonspawn Gladiator)            Turns: 526, Time: 00:00:55

Health: 12/22      AC:  4    Str: 14    XL:     2   Next: 3%
Magic:  2/2        EV: 12    Int:  9    God:
Gold:   25         SH:  0    Dex: 14    Spells: 1/1 levels left

rFire   . . .      SeeInvis .   f - +1 whip (venom)
rCold   . . .      Faith    .   (no shield)
rNeg    . . .      Spirit   .   b - +0 leather armour
rPois   .          Reflect  .   c - +0 helmet
rElec   .          Harm     .   (no cloak)
rCorr   .          Rampage  .   (no gloves)
Will    .....                   (no boots)
Stlth   +.........              (no amulet)
HPRegen 0.07/turn               (no ring)
MPRegen 0.08/turn               (no ring)

@: no status effects
A: demonic magic 1
a: no special abilities


You were on level 1 of the Dungeon.
You visited 1 branch of the dungeon, and saw 1 of its levels.

You collected 25 gold pieces.

Inventory:

Hand Weapons
 a - a +0 war axe
 f - a +1 whip of venom (weapon)
Missiles
 d - 3 throwing nets (quivered)
Armour
 b - a +0 leather armour (worn)
 c - a +0 helmet (worn)
Scrolls
 e - a scroll of teleportation {unknown}
 g - 2 scrolls of identify {unknown}


   Skills:
 * Level 2.1 Fighting
 - Level 2.7 Axes
 * Level 0.4(1.7) Maces & Flails
 - Level 1.7 Throwing
 * Level 0.4 Armour
 + Level 2.9 Dodging


You had one spell level left.
You didn't know any spells.
Your spell library contained the following spells:

 Spells                   Type           Power      Damage    Failure   Level
 Petrify                  Tmut/Erth      0%         N/A       99%         4
 Metabolic Englaciation   Hex/Ice        0%         N/A       100%        5
 Statue Form              Tmut/Erth      0%         N/A       100%        6


Dungeon Overview and Level Annotations

Branches:
Dungeon (1/15)

Altars:


Innate Abilities, Weirdness & Mutations

Spells you cast may paralyse adjacent enemies.


Message History

The endoplasm freezes you.
You are frozen.
You hit the endoplasm.
The endoplasm is moderately wounded.
The endoplasm freezes you.
You are frozen.
You hit the endoplasm.
You kill the endoplasm!
Found a long sword.
An endoplasm comes into view.
An endoplasm is nearby!
An endoplasm is nearby!
A quokka comes into view.
Found 10 gold pieces.
The quokka bites you but does no damage. x2
The endoplasm barely misses you. The quokka completely misses you.
You miss the quokka. The endoplasm freezes you.
You are frozen.
The quokka bites you. The quokka closely misses you.
The quokka bites you but does no damage.
The quokka bites you. The quokka barely misses you.
You barely miss the quokka. The quokka barely misses you.
You barely miss the quokka.
The quokka bites you but does no damage.
The quokka barely misses you.
You hit the quokka but do no damage.
The quokka bites you but does no damage.
You hit the quokka but do no damage. The quokka bites you.
You hit the quokka.
The quokka is poisoned.
The quokka is moderately wounded.
The quokka barely misses you.
You hit the quokka.
The quokka looks even sicker.
The quokka is severely wounded.
You kill the quokka!
You have reached level 2!
Your demonic ancestry asserts itself...
A menacing aura infuses your magic.
Are you sure you want to abandon this character and quit the game? (Confirm with "yes".)

#.# ###.####.#
#####.###.†....#.#
#.........#.##.#.#
#.#.....###.##.#.#
##...## #.##.#.#
##.## #......# #.#
####.### #.#
#.###### #+#
#..@J..#
######.####
#####.......#
#...........#
#.#.........#
........)...#
#.#.........# #
##........#
#......$.#


You could see an endoplasm.

Vanquished Creatures
  An endoplasm (D:1)
  A hobgoblin (D:1)
  A quokka (D:1)
  A ball python (D:1)
  3 kobolds (D:1)
  2 rats (D:1)
9 creatures vanquished.

Notes
Turn   | Place    | Note
-------+----------+-------------------------------------------
     0 | D:1      | ytrimaz the Demonspawn Gladiator began the quest for the
                  | Orb.
     0 | D:1      | Reached XP level 1. HP: 16/16 MP: 1/1
   526 | D:1      | Gained mutation: Spells you cast may paralyse adjacent
                  | enemies. [demonic ancestry]
   526 | D:1      | Reached XP level 2. HP: 12/22 MP: 2/2
   526 | D:1      | Quit the game

Illustrated notes

Levels and vault maps discovered:
D:1:      tarquinn_simple_flora_water_a, layout_loops_corners, minivault_25

Action                   || total
-------------------------++-------
Melee: Whip              ||    21
       War axe           ||     2
Armor: Leather armour    ||    14
Dodge: Dodged            ||    15

Table legend: (Time is in decaauts)
 A = Elapsed time spent in this place.
 B = Non-inter-level travel time spent in this place.
 C = Inter-level travel time spent in this place.
 D = Time resting spent in this place.
 E = Time spent auto-exploring this place.
 F = Levels seen in this place.
 G = Mean time per level.
                   A        B        C        D        E       F      G
               +--------+--------+--------+--------+--------+-----+--------+
         Total |    527 |    527 |      0 |      0 |    428 |   1 |  527.0 |
       Dungeon |    527 |    527 |      0 |      0 |    428 |   1 |  527.0 |
               +--------+--------+--------+--------+--------+-----+--------+

Top non-repeatable levels by time:
     D:1: 527 daAuts
